 Dungeon Crawl Stone Soup version 0.13.1-17-g0f9d4ff (webtiles) character file.

183 Lilouch the Covered (level 4, -7/36 HPs)
             Began as a Mummy Fighter on Dec 15, 2013.
             Killed by divine providence
             ... invoked by an orc priest
              (15 damage)
             ... on Level 4 of the Dungeon.
             The game lasted 00:01:49 (784 turns).

Lilouch the Covered (Mummy Fighter)                  Turns: 784, Time: 00:01:50

HP  -7/36        AC  8     Str 20      XL: 4   Next:  5%
MP   3/3         EV  6     Int  7      God:
Gold 112         SH  0     Dex 11      Spells:  0 memorised,  3 levels left

Res.Fire  : x . .   See Invis. : .   a - +0 trident
Res.Cold  : + . .   Warding    : .   b - +0 scale mail
Life Prot.: + + +   Conserve   : .   c - +0 shield
Res.Poison: +       Res.Corr.  : .   (no helmet)
Res.Elec. : .       Clarity    : .   (no cloak)
Sust.Abil.: . .     Spirit.Shd : .   m - +0 pair of dwarf gloves (curse)
Res.Mut.  : .       Stasis     : .   (no boots)
Res.Rott. : +       Flight     : .   (no amulet)
Saprovore : . . .                    (no ring)
                                     (no ring)

@: confused, slightly resistant to hostile enchantments, extremely unstealthy
A: no food or potions, fire vulnerability, restore body, cold resistance 1, life
protection 3, poison resistance, torment resistance, unbreathing
a: no special abilities


You were on level 4 of the Dungeon.
You were not hungry.

You visited 1 branch of the dungeon, and saw 4 of its levels.

You collected 92 gold pieces.

Inventory:

Hand weapons
 a - a +0,+0 trident (weapon)
Missiles
 h - 19 bolts
 l - 7 poisoned needles
Armour
 b - a +0 scale mail (worn)
 c - a +0 shield (worn)
 m - a cursed +0 pair of dwarven gloves (worn)
Scrolls
 d - 2 scrolls of identify {unknown}
 e - 2 scrolls of amnesia {unknown}
 i - a scroll of remove curse {unknown}
 k - a scroll of curse jewellery {unknown}
Jewellery
 f - a cursed ring of teleportation {unknown}
 g - an uncursed ring of protection from magic {unknown}
 j - a +3 ring of evasion {unknown}


   Skills:
 - Level 3.0 Fighting
 + Level 2.0 Polearms
 * Level 3.5 Armour
 + Level 2.8 Shields


You had 3 spell levels left.
You didn't know any spells.

Dungeon Overview and Level Annotations

Branches:
Dungeon (4/27)
 Temple: D:4-7

Altars:


Innate Abilities, Weirdness & Mutations

You do not eat or drink.
Your flesh is vulnerable to fire.
Your flesh is cold resistant.
You are immune to negative energy.
Your system is resistant to poisons.
You are immune to unholy pain and torment.
You can survive without breathing.


Message History

You hit the orc wizard.
The orc wizard is almost dead.
The orc wizard casts a spell at you. You resist.
The orc priest mumbles some strange prayers to Beogh against you.
Something smites you!
* * * LOW HITPOINT WARNING * * *
The orc wizard completely misses you.
The orc wizard hits you but does no damage.
The orc wizard barely misses you.
The orc priest mumbles some strange prayers to Beogh.
You feel a wave of unholy energy pass over you.
You hit the orc wizard.
You kill the orc wizard!
Your Polearms skill increases to level 2!
You have reached level 4!
You closely miss the orc. The orc barely misses you.
The orc priest calls down the wrath of Beogh upon you.
Something smites you!
You die...

... ... ...
#.# #.# #.#
##.## #
#.####.#.##.#
#..oo@###...#
######.#.####
#..## #(##
#.# #.# #%#
#.# #..


You could see an orc priest and an orc.

Vanquished Creatures
  An orc wizard (D:4)
  2 adders
  A giant mite (D:1)
  2 giant cockroaches (D:2)
  3 goblins
  4 hobgoblins
  4 bats
  2 giant newts (D:1)
  2 kobolds
  3 rats
24 creatures vanquished.

Notes
Turn   | Place    | Note
--------------------------------------------------------------
     0 | D:1      | Lilouch, the Mummy Fighter, began the quest for the Orb.
     0 | D:1      | Reached XP level 1. HP: 18/18 MP: 0/0
     6 | D:1      | Noticed a crocodile
     6 | D:1      | Noticed a hog
     6 | D:1      | Noticed an anaconda
     6 | D:1      | Noticed a polar bear
    91 | D:1      | Reached XP level 2. HP: 24/24 MP: 1/1
   583 | D:2      | Reached XP level 3. HP: 28/30 MP: 2/2
   755 | D:2      | You fall through a shaft!
   783 | D:4      | Reached XP level 4. HP: 7/36 MP: 3/3
   784 | D:4      | Killed from afar by an orc priest

Action                   |  1- 3 |  4- 6 || total
-------------------------+-------+-------++-------
Melee: Trident           |    82 |     1 ||    83
